[Event "*** Titled Tuesday Blitz"]
[Site "Chess.com"]
[Date "2019.12.03"]
[Round "6"]
[White "SHIVACalypso"]
[Black "SanchezKelvin"]
[Result "0-1"]
[WhiteElo "2276"]
[BlackElo "2429"]
[TimeControl "180+2"]
[EndTime "14:22:47 PST"]
[Termination "SanchezKelvin won by resignation"]

1. Nf3 g6 2. c4 Bg7 3. g3 c5 4. Bg2 Nc6 5. O-O Nf6 6. Nc3 O-O 7. d3 a6 8. a3 Rb8 9. Rb1 b5 10.
cxb5 axb5 11. b4 cxb4 12. axb4 d5 13. Bf4 Rb7 14. e4 Be6 15. Ng5 Bg4 16. Qd2 dxe4 17. dxe4 Nh5 18. Nd5 e6 19. h3 exd5 20. hxg4 Nxf4 21.
Qxf4 Nd4 22. Qe3 dxe4 23. Nxe4 Re8 24. Qd3 Rd7 25. Kh1 Qb6 26. Nc5 Rdd8 27. Rfe1 Rxe1+ 28. Rxe1 Ne6 29. Qc2 Rc8 30. Rc1 Bd4 31. Bd5 Nxc5 32. bxc5 Rxc5 33. Bxf7+ Kxf7 34. Qb3+ Qe6 0-1

[Event "*** Titled Tuesday Blitz"]
[Site "Chess.com"]
[Date "2019.12.03"]
[Round "6"]
[White "DenishevM"]
[Black "INLOVEWITHF"]
[Result "1/2-1/2"]
[WhiteElo "2605"]
[BlackElo "2443"]
[TimeControl "180+2"]
[EndTime "14:22:48 PST"]
[Termination "Game drawn - insufficient material"]

1. c4 g6 2. Nc3 Bg7 3. g3 e5 4. Bg2 Nc6 5. e3 d6 6. Nge2 f5 7. O-O Nf6 8. d4 e4 9. h4 h6 10. Nf4 g5 11. Nh5 O-O 12. Nxg7 Kxg7 13. f3 exf3 14.
Qxf3 Ng4 15. Nd5 gxh4 16. Bd2 Qg5 17. Nxc7 hxg3 18. Qxg3 Rb8 19. Rad1 h5 20. e4 h4 21. Bxg5 hxg3 22. exf5 Rxf5 23. Bh4 Ne3 24. Ne8+ Kf8 25. Nxd6 Rxf1+ 26. Rxf1+ Nxf1 27. Kxf1 Nxd4 28. Bxg3 Be6 29. b3 b6 30. Be5 Rd8 31. c5 bxc5 32. Nb7 Rc8 33.
Nxc5 Rxc5 34. Bd6+ Kf7 35. Bxc5 Nxb3 36. axb3 Bxb3 37.
Bxa7 Bc4+ 38. Kf2 Ke6 39. Bd5+ Bxd5 1/2-1/2

[Event "*** Titled Tuesday Blitz"]
[Site "Chess.com"]
[Date "2019.12.03"]
[Round "6"]
[White "boasovietica"]
[Black "politeplayer"]
[Result "1-0"]
[WhiteElo "2394"]
[BlackElo "2228"]
[TimeControl "180+2"]
[EndTime "14:22:49 PST"]
[Termination "boasovietica won by resignation"]

1. Nf3 Nf6 2. c4 g6 3. Nc3 Bg7 4. g3 O-O 5. Bg2 c5 6. O-O Nc6 7. d4 cxd4 8. Nxd4 Qa5 9. e3 a6 10.
h3 Ne5 11. Nb3 Qc7 12. c5 Rd8 13. Na4 d6 14. Nb6 Rb8 15. Nxc8 dxc5 16. Nxe7+ Qxe7 17. Qc2 b6 18. Bd2 h5 19. Bc3 h4 20. g4 Nd3 21. Rad1 c4 22. Nc1 Nxc1 23. Qxc1 Ne4 24. Bxg7 Kxg7 25. Qxc4 Rxd1 26. Rxd1 Nc5 27. Qd4+ Qf6 28.
Qxf6+ Kxf6 29. b4 Na4 30. Rc1 Nb2 31. Rc6+ Kg7 32. Bd5 Nd3 33. a3 Rd8 34. e4 Ne5 35.
Rxb6 Nf3+ 36. Kg2 Ne1+ 37. Kf1 Nc2 38. Rxa6 1-0

[Event "*** Titled Tuesday Blitz"]
[Site "Chess.com"]
[Date "2019.12.03"]
[Round "6"]
[White "SerGo055"]
[Black "Alexander_Donchenko"]
[Result "1/2-1/2"]
[WhiteElo "2540"]
[BlackElo "2731"]
[TimeControl "180+2"]
[EndTime "14:22:50 PST"]
[Termination "Game drawn by repetition"]

1. d4 d5 2. Nf3 Nf6 3. Bf4 c5 4. e3 e6 5. c3 Bd6 6. Bg3 O-O 7. Nbd2 Qc7 8. Bd3 Nbd7 9. O-O Bxg3 10. hxg3 e5 11.
dxe5 Nxe5 12. Nxe5 Qxe5 13. Nf3 Qe7 14. Qc2 h6 15.
Rad1 Bg4 16. Bf5 Bh5 17. c4 Rad8 18. cxd5 Bxf3 19. gxf3 Rxd5 20. Rxd5 Nxd5 21. Bh7+ Kh8 22. Be4 Nf6 23. Rd1 b6 24. Qd3 Qe6 25. Bd5 Qe5 26.
b3 Rd8 27. e4 Nxd5 28. exd5 Rd6 29. Kg2 g6 30. f4 Qh5 31. Qc3+ Kg8 32. Qe5 Qxd1 33. Qxd6 h5 34. Qe5 h4 35. d6 hxg3 36.
fxg3 Qc2+ 37. Kh3 Qd1 38. Kh4 f6 39. Qe8+ Kg7 40. Qe7+ Kh6 41. Qf8+ Kh7 42. Qf7+ Kh6 43. Qf8+ Kh7 44. Qf7+ Kh6 45. Qf8+ 1/2-1/2

[Event "*** Titled Tuesday Blitz"]
[Site "Chess.com"]
[Date "2019.12.03"]
[Round "6"]
[White "Heineccius"]
[Black "Sergey85Rodchenkov"]
[Result "1/2-1/2"]
[WhiteElo "2643"]
[BlackElo "2473"]
[TimeControl "180+2"]
[EndTime "14:22:50 PST"]
[Termination "Game drawn by repetition"]

1. d4 d5 2. c4 dxc4 3. e3 Nf6 4. Nf3 e6 5. Bxc4 a6 6. O-O c5 7. Bb3 Nc6 8. Nc3 Be7 9. Qe2 O-O 10. Rd1 Qc7 11.
dxc5 Bxc5 12. h3 b5 13. e4 Qb6 14. e5 Nd7 15. Ne4 Nd4 16. Nxd4 Bxd4 17. Ng5 Nxe5 18. Qe4 Bxf2+ 19. Kf1 Ng6 20. Qxa8 Bb7 21. Qxf8+ Kxf8 22. Rd7 Ne5 23. Rxb7 Qxb7 24. Kxf2 Nd3+ 25. Kg1 Qb6+ 26.
Kh2 Qd6+ 27. Kh1 Nf2+ 28. Kg1 Qc5 29. Kh2 Qe5+ 30. Kg1 Qc5 31. Kh2 Nd3 32. Bd2 Qf2 33. Nf3 Ne5 34. Nxe5 Qxd2 35. Nf3 Qd6+ 36. Kh1 h6 37.
Rd1 Qb6 38. Ne5 Qe3 39. Nf3 g5 40. Re1 Qf2 41. Rd1 Qxb2 42. Rd7 Qc1+ 43. Kh2 Qf4+ 44. Kg1 Qe3+ 45. Kh2 Qf4+ 46. Kg1 Qe3+ 47. Kh2 Qf4+ 1/2-1/2

[Event "*** Titled Tuesday Blitz"]
[Site "Chess.com"]
[Date "2019.12.03"]
[Round "6"]
[White "black_pawn_16"]
[Black "Noam_Vitenberg"]
[Result "1-0"]
[WhiteElo "2160"]
[BlackElo "2328"]
[TimeControl "180+2"]
[EndTime "14:22:51 PST"]
[Termination "black_pawn_16 won by checkmate"]

1. e4 g6 2. d4 Bg7 3. Nc3 d6 4. Be2 Nc6 5. Be3 e5 6. d5 Nd4 7. Bd3 Ne7 8. Nb1 f5 9. f3 c6 10.
c3 Nb5 11. dxc6 bxc6 12. Ne2 O-O 13. O-O Nc7 14. c4 d5 15. exd5 cxd5 16. cxd5 Ncxd5 17. Bf2 Be6 18. Nbc3 Qd7 19. Bb5 Qb7 20. Qb3 Kh8 21.
Bc4 Qxb3 22. axb3 a5 23. Bc5 Nxc3 24. Nxc3 Bxc4 25. bxc4 Rfe8 26. Nb5 Rad8 27. Nc7 Rc8 28. Nxe8 Rxc5 29. Nxg7 Kxg7 30. b3 Nc6 31. Rfd1 Nd4 32.
Ra3 Kf6 33. f4 g5 34. fxe5+ Kxe5 35. b4 axb4 36. Re3+ Kf4 37. Red3 Ne6 38. Rf1+ Kg4 39.
h3+ Kh5 40. Rc1 Nf4 41. Rd2 b3 42. Kh2 b2 43. Rb1 Rxc4 44. Rbxb2 g4 45. hxg4+ Kxg4 46. Rb7 h5 47. Rg7+ Kh4 48. g3# 1-0

[Event "*** Titled Tuesday Blitz"]
[Site "Chess.com"]
[Date "2019.12.03"]
[Round "6"]
[White "Al_Shima"]
[Black "earling8018"]
[Result "1-0"]
[WhiteElo "2450"]
[BlackElo "1933"]
[TimeControl "180+2"]
[EndTime "14:22:54 PST"]
[Termination "Al_Shima won on time"]

1. b3 e5 2. Bb2 d6 3. e3 Nf6 4. Nf3 Be7 5. d4 exd4 6. Qxd4 O-O 7. Nc3 c5 8. Qd2 d5 9. Bd3 Nc6 10. a3 Qa5 11. O-O Bg4 12. Be2 Rad8 13. h3 Bh5 14.
Rad1 Qc7 15. Qc1 a6 16. Qa1 d4 17. exd4 cxd4 18. Nb1 Bxf3 19. Bxf3 Ne5 20. Be2 Qxc2 21. Rd2 Qg6 22. Bxd4 Nc6 23. Be3 Rfe8 24. Rxd8 Rxd8 25. Bf3 Ne4 26. Nc3 Bf6 27. Bxe4 Bxc3 28. Bxg6 Bxa1 29. Bxh7+ Kxh7 30. Rxa1 Rd3 31. b4 Ne5 32. a4 Rb3 33. Bd2 Nd3 34. Kf1 Nxb4 35. Ke2 Nd5 36. Rc1 Rb2 37. Rc5 1-0

[Event "*** Titled Tuesday Blitz"]
[Site "Chess.com"]
[Date "2019.12.03"]
[Round "6"]
[White "artooon"]
[Black "Mikhail_Golubev"]
[Result "1-0"]
[WhiteElo "2810"]
[BlackElo "2617"]
[TimeControl "180+2"]
[EndTime "14:23:00 PST"]
[Termination "artooon won by resignation"]

1. e4 c5 2. Nf3 d6 3. d4 Nf6 4. Nc3 cxd4 5. Nxd4 g6 6. Be3 Bg7 7. f3 Nc6 8. Qd2 O-O 9. O-O-O d5 10. exd5 Nxd5 11. Nxc6 bxc6 12. Bd4 e5 13. Bc5 Be6 14. Ne4 Re8 15. h4 h5 16. Bc4 Nf4 17.
Qc3 Bd5 18. Nd6 Re6 19. Ne4 Qc7 20. g3 Bxc4 21. Qxc4 Nd5 22. Rd3 Ree8 23. Rhd1 a5 24. Bd6 Qd7 25. Bc5 Qh3 26. Bf2 Nb4 27. Rd7 Qf5 28.
a3 Nd5 29. Qxc6 Nf6 30. Nd6 Qxd7 31. Qxd7 Nxd7 32. Nxe8 Bh6+ 33. Kb1 Rxe8 34. Rxd7 f5 35. Bb6 a4 36. Rd8 Rxd8 37. Bxd8 Be3 38. b3 Bf2 39. bxa4 Bxg3 40. a5 e4 41. fxe4 fxe4 42. a6 Bf2 43. Kc1 e3 44. Kd1 e2+ 45. Kxe2 Bc5 46. a4 Kf7 47. a5 Ke6 48. Bb6 1-0

[Event "*** Titled Tuesday Blitz"]
[Site "Chess.com"]
[Date "2019.12.03"]
[Round "6"]
[White "IMRosen"]
[Black "Perecke"]
[Result "0-1"]
[WhiteElo "2590"]
[BlackElo "2183"]
[TimeControl "180+2"]
[EndTime "14:23:00 PST"]
[Termination "Perecke won by checkmate"]

1. e4 c5 2. d4 cxd4 3. c3 dxc3 4. Nxc3 e6 5. Nf3 Nc6 6. Bc4 d6 7. O-O Nf6 8. Qe2 Be7 9. Rd1 e5 10. Bg5 O-O 11. h3 Be6 12. Rd2 Rc8 13. Bxe6 fxe6 14.
Rad1 Qb6 15. Be3 Qa6 16. Qxa6 bxa6 17. Ng5 Nd8 18. Bxa7 Nh5 19. Nf3 Nf4 20. Kh2 Nc6 21.
Be3 g5 22. Ng1 h5 23. f3 Kg7 24. Nge2 Kg6 25. Nc1 g4 26. fxg4 hxg4 27. h4 Nh5 28. g3 Nxg3 29. Bf2 Nh5 30. N1e2 Nf4 31. Rg1 Nxe2 32.
Rxe2 Nd4 33. Bxd4 exd4 34. Nd1 Kh5 35. Nf2 Rf4 36. Nd3 Rf3 37. Reg2 Rh3# 0-1

[Event "*** Titled Tuesday Blitz"]
[Site "Chess.com"]
[Date "2019.12.03"]
[Round "6"]
[White "olksuna"]
[Black "Spring199"]
[Result "1-0"]
[WhiteElo "2612"]
[BlackElo "2323"]
[TimeControl "180+2"]
[EndTime "14:23:02 PST"]
[Termination "olksuna won by resignation"]

1. Nf3 Nf6 2. g3 e6 3. Bg2 d5 4. O-O Be7 5. d3 O-O 6. Nbd2 d4 7. a4 c5 8. Nc4 Nc6 9. a5 Nd5 10.
e4 dxe3 11. fxe3 Qc7 12. e4 Nf6 13. Bf4 Qd8 14. Kh1 Nd4 15. Nxd4 Qxd4 16. Be5 Qd8 17. g4 Bd7 18. Bg3 Bb5 19. Ne5 Nd7 20. Qf3 Bf6 21. Nxd7 Qxd7 22. e5 Bg5 23. Qxb7 Qxb7 24. Bxb7 Rab8 25.
a6 Be3 26. Bf2 Bxf2 27. Rxf2 Rfd8 28. Ra5 Be8 29. Rxc5 Rd4 30. h3 Ra4 31. Rc7 Ra1+ 32. Kh2 g6 33. c4 Rd1 34. c5 Rxd3 35. c6 Rbd8 36. Re7 Kf8 37. Rxe8+ Rxe8 38. c7 Re3 39. c8=Q Rxc8 40. Bxc8 Rxe5 41. Rc2 Rb5 42. Kg3 Kg7 43. Rc7 Kf6 44. Rb7 Rc5 45. Bd7 Rd5 46. Be8 Rd3+ 47. Kf2 Kg5 48. Rxf7 Rd2+ 49. Ke3 Rxb2 50. Rxa7 Rb3+ 51.
Ke4 Rxh3 52. Rc7 Kxg4 53. a7 Ra3 54. Bc6 h5 55. a8=Q Rxa8 56. Bxa8 g5 57. Bc6 h4 58.
Bd7 Kg3 59. Bxe6 g4 60. Rc3+ Kg2 61. Bxg4 1-0

[Event "*** Titled Tuesday Blitz"]
[Site "Chess.com"]
[Date "2019.12.03"]
[Round "6"]
[White "iLuusions"]
[Black "DonBroca"]
[Result "1-0"]
[WhiteElo "2640"]
[BlackElo "2095"]
[TimeControl "180+2"]
[EndTime "14:23:03 PST"]
[Termination "iLuusions won by resignation"]

1. d4 c5 2. d5 d6 3. c4 Nd7 4.
Nc3 Ngf6 5. e4 g6 6. h3 Bg7 7. Nf3 a6 8. Be2 Rb8 9. O-O O-O 10. Be3 Re8 11. Qc2 Nf8 12. e5 Bf5 13. Qd2 dxe5 14. Nxe5 Ne4 15. Nxe4 Bxe5 16. Nxc5 Qd6 17. Nd3 Bh2+ 18.
Kh1 Nd7 19. Rad1 Rbc8 20. b3 Ne5 21. Nf4 Bxf4 22. Bxf4 Qf6 23. Be3 Red8 24. Bd4 Qd6 25. Qh6 f6 26. Qe3 h5 27. Bxe5 fxe5 28. Bf3 Rf8 29.
Rfe1 b5 30. Rc1 bxc4 31. bxc4 Kh7 32. c5 Qd8 33. Qxe5 Bxh3 34. Qxe7+ Qxe7 35. Rxe7+ Kh8 36. d6 Bf5 37. c6 Rfd8 38. d7 Bxd7 39. Rxd7 Rxd7 40.
cxd7 Rxc1+ 41. Kh2 1-0

[Event "*** Titled Tuesday Blitz"]
[Site "Chess.com"]
[Date "2019.12.03"]
[Round "6"]
[White "Sjakkerntobi"]
[Black "coalescenet"]
[Result "1-0"]
[WhiteElo "2153"]
[BlackElo "2324"]
[TimeControl "180+2"]
[EndTime "14:23:08 PST"]
[Termination "Sjakkerntobi won by resignation"]

1. e4 c6 2. Nc3 d5 3. Nf3 Bg4 4. h3 Bxf3 5. Qxf3 Nf6 6. g3 dxe4 7. Nxe4 Nbd7 8. Nc3 e5 9. Bg2 h6 10. O-O Bd6 11. d3 Qe7 12. a4 a5 13. Re1 O-O 14. d4 Qd8 15. d5 cxd5 16. Nxd5 Nxd5 17. Qxd5 Qb6 18. Qxb7 Qxb7 19. Bxb7 Rab8 20. Bg2 Rfc8 21. c3 Nc5 22. Bd5 Nd3 23. Rd1 Nxc1 24. Raxc1 Bc5 25. Rc2 Kf8 26. Kg2 f6 27. Kf3 Ke7 28. Rb1 Rd8 29.
Be4 Kf7 30. b4 axb4 31. cxb4 Bxb4 32. Rc7+ Be7 33. Bd5+ Kf8 34. Rxb8 Rxb8 35. a5 Rb5 36. Rc8+ Bd8 37. Rxd8+ Ke7 38. Rg8 Rxd5 39. Rxg7+ Ke6 40. Ra7 Rd2 41. Rh7 Ra2 42. Rxh6 Rxa5 43. Rh7 Kf5 44. g4+ Kg5 45. h4+ Kg6 46. Rc7 Ra3+ 47. Kg2 Ra4 48. f3 Ra3 49. Rc4 Ra1 50. Rc8 Ra4 51. Kg3 Ra3 52.
Rc4 Rb3 53. Re4 Rc3 54. Kf2 Rc2+ 55. Re2 Rc3 56. Re3 Rc2+ 57. Kg3 Rc4 58. Ra3 Rc1 59. h5+ Kg5 60. Ra7 Rc6 61. Rg7+ Kh6 62. Rg6+ Kh7 63. g5 Rc1 64. Rxf6 Rg1+ 65. Kh4 Rh1+ 66. Kg4 Rg1+ 67.
Kf5 Rh1 68. Rh6+ Kg7 69. Kxe5 Rf1 70. f4 Rh1 71. Kf5 Rg1 72. Rg6+ Kh7 73. Re6 Rh1 74. Re7+ Kg8 75. Kg6 Kf8 76. Ra7 Rb1 77. f5 Rb6+ 78.
f6 1-0

[Event "*** Titled Tuesday Blitz"]
[Site "Chess.com"]
[Date "2019.12.03"]
[Round "6"]
[White "pedromartinez91"]
[Black "DeviatkinAndrey"]
[Result "0-1"]
[WhiteElo "2517"]
[BlackElo "2700"]
[TimeControl "180+2"]
[EndTime "14:23:11 PST"]
[Termination "DeviatkinAndrey won by resignation"]

1. Nf3 d5 2. g3 c6 3. Bg2 Bf5 4. O-O e6 5. c4 Nd7 6. d3 Ngf6 7. Nc3 h6 8. cxd5 cxd5 9. Bf4 a6 10. e4 dxe4 11.
dxe4 Nxe4 12. Nd4 Nxc3 13. bxc3 Nc5 14. Nxf5 exf5 15. Re1+ Be7 16. Qd5 Qxd5 17. Bxd5 O-O-O 18. Bxf7 Bd6 19. Be3 Rhf8 20. Bc4 Kc7 21. Bd4 Rd7 22.
Rad1 g6 23. f3 b5 24. Bf1 Re7 25. Kg2 Rfe8 26. Rxe7+ Rxe7 27. h4 h5 28. f4 Ne4 29.
Bd3 Rd7 30. Kf3 Re7 31. Re1 Nd2+ 32. Kf2 Rxe1 33. Kxe1 Nc4 34. a4 Nb2 35. axb5 Nxd3+ 36. Kd2 Nc5 37. bxa6 Nxa6 38. Kd3 Kc6 39. Kc4 Nc5 40.
Kb4 Ne4+ 0-1

[Event "*** Titled Tuesday Blitz"]
[Site "Chess.com"]
[Date "2019.12.03"]
[Round "6"]
[White "WPWPWP-2015"]
[Black "IMTominho"]
[Result "0-1"]
[WhiteElo "2537"]
[BlackElo "2713"]
[TimeControl "180+2"]
[EndTime "14:23:14 PST"]
[Termination "IMTominho won on time"]

1. d4 d5 2. Nf3 Nf6 3. c4 c6 4.
Nc3 a6 5. cxd5 cxd5 6. Bf4 Nc6 7. e3 Qb6 8. Qd2 Ne4 9. Nxd5 Qd8 10. Nc7+ Qxc7 11. Bxc7 Nxd2 12. Nxd2 Be6 13. Bd3 Nb4 14. Be4 f5 15. Bxb7 Ra7 16. Bf3 Rxc7 17. Ke2 g5 18. a3 Nc2 19. Rac1 g4 20. Ba8 Bh6 21. d5 Bd7 22.
Bc6 Bxc6 23. dxc6 Rxc6 24. Kd3 Kf7 25. Nc4 Rd8+ 26. Kc3 Bg7+ 27. Kb3 Rb8+ 28. Kxc2 Rxc4+ 29. Kd3 Rxc1 30. Rxc1 Rxb2 31. Rc6 Rb3+ 32. Ke2 Rxa3 33. h3 h5 34. hxg4 hxg4 35. e4 f4 36. Rc5 Ra2+ 37. Ke1 e6 38. e5 g3 39. fxg3 fxg3 40. Rc7+ Kg6 41. Re7 Bxe5 42. Rxe6+ Kf5 43. Rh6 a5 44. Kf1 a4 45. Rh5+ Ke4 46. Rg5 a3 47. Ke1 Rxg2 48.
Rg4+ Bf4 49. Rg8 a2 0-1

[Event "*** Titled Tuesday Blitz"]
[Site "Chess.com"]
[Date "2019.12.03"]
[Round "6"]
[White "Chempiblinka"]
[Black "Vuks91"]
[Result "0-1"]
[WhiteElo "2350"]
[BlackElo "2631"]
[TimeControl "180+2"]
[EndTime "14:23:16 PST"]
[Termination "Vuks91 won by checkmate"]

1. Nf3 Nf6 2. g3 g6 3. Bg2 Bg7 4. O-O O-O 5. d3 d6 6. c4 e5 7. Nc3 Nc6 8. Rb1 a5 9. a3 Nd4 10. Nxd4 exd4 11. Nb5 Ne8 12. e3 dxe3 13. Bxe3 c6 14.
Nc3 Nf6 15. h3 Bf5 16. g4 Be6 17. Qd2 d5 18. cxd5 Nxd5 19. Bg5 f6 20. Bh6 Bxh6 21. Qxh6 Qd7 22. Rfe1 Rae8 23. Ne4 b6 24. Rbc1 c5 25. Rcd1 Nc7 26. b4 axb4 27. axb4 cxb4 28. Qd2 Nd5 29. Qb2 h6 30. Rc1 f5 31. gxf5 Bxf5 32. Qd4 Rd8 33.
Ng3 Bxh3 34. Bxh3 Qxh3 35. Rc6 Nf4 36. Qe4 Rf7 37. Re3 Rdf8 38. Rxb6 Qg4 39. Kh2 h5 40. Rxb4 h4 41. Ne2 g5 42. Nxf4 gxf4 43. Rf3 Rg7 44.
Qd5+ Kh8 45. Rfxf4 Rxf4 46. Qd8+ Kh7 47. Rxf4 Qxf4+ 48.
Kh3 Qg4+ 49. Kh2 Qg2# 0-1

[Event "*** Titled Tuesday Blitz"]
[Site "Chess.com"]
[Date "2019.12.03"]
[Round "6"]
[White "WorldChampionBulletChess"]
[Black "Walter_White_Poland"]
[Result "1-0"]
[WhiteElo "2111"]
[BlackElo "2295"]
[TimeControl "180+2"]
[EndTime "14:23:17 PST"]
[Termination "WorldChampionBulletChess won by resignation"]

1. c4 c5 2. Nf3 Nc6 3. Nc3 e5 4. e3 f5 5. d4 e4 6. Nd2 cxd4 7. exd4 d6 8. d5 Ne5 9. Nb3 Nf6 10. Be3 g6 11.
Be2 Bg7 12. Nd4 O-O 13. O-O Re8 14. b4 Nfg4 15. h3 Nxe3 16. fxe3 a6 17. Rc1 Qg5 18. Ne6 Bxe6 19. dxe6 Qxe3+ 20. Kh1 Rxe6 21. Nd5 Qa7 22. Nc7 Rf6 23. Nxa8 Qxa8 24. Qd5+ Nf7 25. c5 dxc5 26. Rxc5 Rd6 27. Qc4 Rd8 28. Rc7 Rf8 29.
Qe6 Qe8 30. Bc4 Qxe6 31. Bxe6 Be5 32. Rxb7 Kg7 33. Rc1 Kf6 34. Bxf7 Rxf7 35. Rc6+ Kg7 36. Rxf7+ Kxf7 37. Rxa6 g5 38. Kg1 f4 39. b5 h5 40. b6 g4 41. b7 gxh3 42. gxh3 f3 43.
Ra8 e3 44. b8=Q Bxb8 45. Rxb8 1-0

[Event "*** Titled Tuesday Blitz"]
[Site "Chess.com"]
[Date "2019.12.03"]
[Round "6"]
[White "FrogMist"]
[Black "przemekpiotrowski"]
[Result "0-1"]
[WhiteElo "2296"]
[BlackElo "2431"]
[TimeControl "180+2"]
[EndTime "14:23:18 PST"]
[Termination "przemekpiotrowski won by resignation"]

1. e4 c5 2. Nf3 d6 3. d4 cxd4 4. Nxd4 Nf6 5. Nc3 Nc6 6. Bg5 e6 7. Qd2 a6 8. O-O-O Bd7 9. f4 b5 10. Bxf6 gxf6 11. Kb1 Qb6 12. Nxc6 Bxc6 13. f5 Qc5 14.
fxe6 fxe6 15. Bd3 h5 16. Rhf1 Bh6 17. Qe1 Qe5 18. Qh4 Bg5 19. Qh3 Ra7 20. g3 Rah7 21. Nd5 h4 22. Nb4 Bb7 23. Qg4 hxg3 24. hxg3 a5 25.
Bxb5+ Qxb5 26. Qxe6+ Re7 27. Qxd6 axb4 28. Qd8+ Kf7 29.
Qxh8 Bxe4 30. Ka1 Bxc2 31. Rde1 Qc5 32. Rh1 Bd2 33. Rh7+ Bxh7 34. Qxh7+ Ke8 35. Qg8+ Kd7 36. Rd1 Re1 37. Qf7+ Qe7 38. Qd5+ Qd6 39. Qf7+ Kc6 40. Qc4+ Kb6 41. Rxe1 Bxe1 42. a3 bxa3 43. Qb3+ Qb4 44. Qxb4+ Bxb4 45. bxa3 Bxa3 46. Kb1 f5 47. Kc2 Bd6 48.
Kd3 Bxg3 49. Ke3 Be5 50. Kf3 Kc5 0-1

[Event "*** Titled Tuesday Blitz"]
[Site "Chess.com"]
[Date "2019.12.03"]
[Round "6"]
[White "LawrenceTrent"]
[Black "vova-79"]
[Result "1-0"]
[WhiteElo "2677"]
[BlackElo "2490"]
[TimeControl "180+2"]
[EndTime "14:23:21 PST"]
[Termination "LawrenceTrent won by resignation"]

1. b3 Nf6 2. Bb2 g6 3. g3 Bg7 4.
Bg2 O-O 5. e3 a5 6. a3 d5 7. Ne2 c6 8. h3 Re8 9. d3 Nh5 10. Bxg7 Nxg7 11. Nd2 e5 12. O-O Qe7 13. Kh2 Be6 14. d4 Nd7 15. Qc1 exd4 16. Nxd4 Nf5 17. N2f3 Nxd4 18. Nxd4 Nf6 19. c4 dxc4 20. bxc4 Qc5 21.
Nxe6 Rxe6 22. Rd1 Ne4 23. Qc2 Rae8 24. Rd7 Nd6 25. Rd1 Qxc4 26. Qxc4 Nxc4 27. Rxb7 Nxa3 28.
Rdd7 Rf8 29. Bf1 Nb5 30. Kg2 a4 31. Bc4 Rf6 32. Rb6 Kg7 33. Ra6 a3 34. e4 Rd6 35.
Rb7 Rd4 36. Bxb5 cxb5 37. e5 Re4 38. f4 b4 39. Kf3 Rc4 40. e6 Kg8 41. Raa7 Rc3+ 42.
Kg4 b3 43. Rxa3 b2 44. Rxc3 1-0

[Event "*** Titled Tuesday Blitz"]
[Site "Chess.com"]
[Date "2019.12.03"]
[Round "6"]
[White "crazy_machine"]
[Black "Filip_Covic"]
[Result "1-0"]
[WhiteElo "2656"]
[BlackElo "2465"]
[TimeControl "180+2"]
[EndTime "14:23:22 PST"]
[Termination "crazy_machine won on time"]

1. d4 Nf6 2. Nc3 d5 3. Bf4 a6 4.
e3 e6 5. Nf3 Be7 6. Bd3 c5 7.
Ne5 Nbd7 8. Qf3 Nxe5 9. Bxe5 b5 10. dxc5 Bxc5 11. O-O Bd6 12. Bd4 Bb7 13. Bxf6 Qxf6 14. Qxf6 gxf6 15. e4 b4 16. Ne2 dxe4 17. Bc4 Rg8 18.
g3 h5 19. Rad1 Ke7 20. Rd2 h4 21. Rfd1 Rad8 22. Nd4 e3 23. Re2 exf2+ 24. Kf1 hxg3 25. Nf5+ Kf8 26. Nxg3 Bf3 27. Bxa6 Bxe2+ 28. Bxe2 Be7 29. Bd3 Bc5 30. Kg2 f5 31. Kf3 Rh8 32. Rh1 Rd4 33. Kg2 Rdh4 34. c4 Bb6 35. b3 Rg8 36. Kf3 Bc7 37. Ne2 Rxh2 38. Rxh2 f1=Q+ 39. Rf2 Qd1 40. Ke3 Qxd3+ 41. Kxd3 Ke7 42. Nd4 Rd8 43. Rd2 e5 44. Ke3 Rxd4 45. Rxd4 1-0

[Event "*** Titled Tuesday Blitz"]
[Site "Chess.com"]
[Date "2019.12.03"]
[Round "6"]
[White "Aleksandr_Kozak"]
[Black "Qvalda"]
[Result "1-0"]
[WhiteElo "2303"]
[BlackElo "2498"]
[TimeControl "180+2"]
[EndTime "14:23:23 PST"]
[Termination "Aleksandr_Kozak won on time"]

1. e4 d5 2. exd5 Qxd5 3. Nf3 Bg4 4. Be2 Nc6 5. d4 O-O-O 6. Be3 e5 7. c4 Qa5+ 8. Bd2 Bb4 9. d5 Bxd2+ 10. Nbxd2 Bxf3 11. Bxf3 Nd4 12. O-O f5 13. a3 e4 14. Be2 Nf6 15.
b4 Nxe2+ 16. Qxe2 Qa4 17. Ra2 Rhe8 18. Rb1 f4 19. Nb3 Qd7 20. b5 Qf5 21. Nd4 Qg6 22. Ne6 f3 23. Qf1 Rd6 24. Kh1 e3 25. fxe3 Ng4 26.
gxf3 Nxe3 27. Qg1 Qh6 28. f4 Nf5 29. Qg4 g6 30. Re1 b6 31. a4 Qh4 32. Qxh4 Nxh4 33.
a5 Nf3 34. Rea1 Rdxe6 35. dxe6 Rxe6 36. axb6 axb6 37. Kg2 Nd4 38. Ra8+ Kd7 39. Rd1 Re4 40. Rh8 Ke6 41. Rxh7 Rxf4 42. Rxc7 Kf5 43. Rf7+ 1-0

[Event "*** Titled Tuesday Blitz"]
[Site "Chess.com"]
[Date "2019.12.03"]
[Round "6"]
[White "Man-Chuk"]
[Black "gmcorrales"]
[Result "1-0"]
[WhiteElo "2928"]
[BlackElo "2734"]
[TimeControl "180+2"]
[EndTime "14:23:26 PST"]
[Termination "Man-Chuk won by resignation"]

1. d4 Nf6 2. c4 g6 3. Nc3 d5 4. Nf3 Bg7 5. h4 c6 6. cxd5 cxd5 7. Bf4 Nc6 8. e3 O-O 9. Qb3 Na5 10. Qa3 a6 11. Rc1 b5 12. b3 Bb7 13. Be2 Rc8 14. O-O Nc6 15. Ne5 e6 16. Qb2 Nd7 17. Nxd7 Qxd7 18.
h5 e5 19. dxe5 d4 20. Ne4 Nxe5 21. h6 Bh8 22. exd4 Qf5 23. Bxe5 Bxe4 24. f3 Bd5 25.
Bxh8 Kxh8 26. Qd2 Qf6 27. Rc5 Rcd8 28. Rfc1 Be6 29. Rd1 Rd5 30. Rxd5 Bxd5 31. Qe3 Kg8 32. Qe5 Qxe5 33. dxe5 Be6 34. Rd6 Ra8 35. Bd3 Kf8 36.
Be4 Rc8 37. Rxa6 Rc5 38. f4 Rc1+ 39. Kf2 Ra1 40. Ra8+ Ke7 41. g3 Bxb3 42. axb3 Rxa8 43. Bxa8 f5 44. exf6+ Kxf6 45. Be4 b4 46. g4 g5 47. fxg5+ Kxg5 48. Bxh7 Kxh6 49. Bf5 Kg5 50. Ke3 1-0

[Event "*** Titled Tuesday Blitz"]
[Site "Chess.com"]
[Date "2019.12.03"]
[Round "6"]
[White "HouseOfDurin"]
[Black "nmpdk"]
[Result "1-0"]
[WhiteElo "2144"]
[BlackElo "2305"]
[TimeControl "180+2"]
[EndTime "14:23:26 PST"]
[Termination "HouseOfDurin won by resignation"]

1. d4 Nf6 2. Bg5 Ne4 3. h4 c5 4. dxc5 Qa5+ 5. Nd2 Nxg5 6. hxg5 Qxc5 7. Ngf3 Nc6 8. Nb3 Qb6 9. e3 g6 10. Nfd4 Bg7 11. c3 d6 12. Qc2 Bd7 13. Bd3 Rc8 14. Rh4 Nb4 15. Qe2 Nxd3+ 16. Qxd3 e5 17. Nf3 Bb5 18. Qd5 O-O 19. O-O-O Rfd8 20. Rdh1 Bc6 21. Qd2 Be4 22. Rxe4 d5 23. Reh4 d4 24. exd4 exd4 25. Nfxd4 a5 26. Rxh7 a4 27. Rxg7+ Kxg7 28. Qf4 axb3 29.
Qe5+ f6 30. Qe7+ Kg8 31. Rh7 Qc7 32. Qxc7 Rxc7 33. Rxc7 bxa2 34. Nb3 Re8 35. gxf6 Re1+ 36. Kc2 a1=Q 37. Nxa1 Rxa1 38. Rxb7 Rf1 39. Rg7+ Kf8 40. Rxg6 Rxf2+ 41. Kb3 Kf7 42. Rg4 Kxf6 43. c4 Ke6 44.
Kc3 Kd6 45. b4 Kc6 46. Rg6+ Kc7 47. b5 Rf1 48. Kb4 Rb1+ 49. Kc5 Re1 50. Rg7+ Kd8 51. b6 Kc8 52. g4 Re5+ 53. Kb4 1-0

[Event "*** Titled Tuesday Blitz"]
[Site "Chess.com"]
[Date "2019.12.03"]
[Round "6"]
[White "Witik"]
[Black "GCamachoMartinez"]
[Result "0-1"]
[WhiteElo "2582"]
[BlackElo "2447"]
[TimeControl "180+2"]
[EndTime "14:23:28 PST"]
[Termination "GCamachoMartinez won by resignation"]

1. d4 d5 2. Bf4 Bf5 3. e3 e6 4. c4 c6 5. Nc3 Nf6 6. Qb3 Qc8 7. Rc1 Nbd7 8. cxd5 Nxd5 9. Bg3 Nxc3 10. bxc3 Be7 11. Nf3 O-O 12. Be2 Bd8 13. O-O Bc7 14. Nd2 Bxg3 15.
hxg3 Qc7 16. e4 Bg6 17. Rfe1 Qb6 18. f3 Qxb3 19. axb3 c5 20. Nc4 Rfc8 21. Nd6 Rc7 22. Kf2 a6 23. Ke3 Rd8 24. Nc4 f5 25. Bd3 fxe4 26. fxe4 b5 27. Nd2 Rdc8 28. Ra1 cxd4+ 29. cxd4 e5 30. d5 Rc3 31. Nf3 Bh5 32. Rxa6 Bxf3 33. gxf3 Rxd3+ 34. Kxd3 Nc5+ 35. Ke3 Nxa6 36. f4 Rc3+ 37.
Kd2 Rxb3 38. fxe5 Nc5 39. e6 Kf8 40. Rf1+ Ke8 41. Rf7 Nxe4+ 42. Kc2 Rc3+ 43. Kb2 b4 44. Rxg7 Rd3 45. Rg8+ Ke7 46. Rg7+ Kf6 47. Rf7+ Kg6 48. Rd7 Nf6 49. e7 Kf7 50. e8=Q+ Kxe8 0-1